 Dungeon Crawl Stone Soup version 0.28-a0-258-g8de209e91f (webtiles) character file.

Game seed: 10497396197072572194

5826 graki42 the Thaumaturge (level 10, -5/80 HPs)
             Began as a Mummy Fire Elementalist on Aug 26, 2021.
             Was a Believer of Vehumet.
             Killed themself with a badly aimed fireball (18 damage)
             ... on level 9 of the Dungeon.
             The game lasted 00:39:18 (12502 turns).

graki42 the Thaumaturge (Mummy Fire Elementalist)  Turns: 12502, Time: 00:39:22

Health: -5/80      AC:  5    Str: 11    XL:     10   Next: 51%
Magic:  6/23       EV: 16    Int: 18    God:    Vehumet [**....]
Gold:   433        SH:  0    Dex: 13    Spells: 12/28 levels left

rFire   x . .      SeeInvis .   p - +2 whip (freeze)
rCold   + . .      Faith    .   (no shield)
rNeg    + + +      Spirit   .   s - +0 steam dragon scales
rPois   ∞          Reflect  .   (no helmet)
rElec   .          Harm     .   (no cloak)
rCorr   +          Rampage  .   (no gloves)
Will    +....                   (no boots)
Stlth   ++........              g - amulet of the acrobat
HPRegen 0.23/turn               b - +4 ring of evasion
MPRegen 0.18/turn               j - ring of resist corrosion

@: no status effects
A: cold resistance 1, negative energy resistance 3, torment resistance 2, heat
vulnerability 1, no potions
a: Renounce Religion


You were on level 9 of the Dungeon.
You worshipped Vehumet.
Vehumet was pleased with you.
You visited 2 branches of the dungeon, and saw 10 of its levels.

You collected 433 gold pieces.

Inventory:

Hand Weapons
 i - a +1 vampiric dagger
 p - a +2 whip of freezing (weapon)
Armour
 s - +0 steam dragon scales (worn)
Magical Staves
 l - a staff of air
Jewellery
 b - a +4 ring of evasion (left hand)
 g - an amulet of the acrobat (around neck)
 j - a ring of resist corrosion (right hand)
Wands
 c - a wand of mindburst (10)
 r - a wand of charming (8)
 t - a wand of paralysis (10)
Scrolls
 a - 2 scrolls of identify
 d - a scroll of immolation {unknown}
 e - a scroll of noise {unknown}
 f - 2 scrolls of teleportation
 h - 3 scrolls of enchant armour
 k - 2 scrolls of enchant weapon
 m - a scroll of summoning
 n - a scroll of amnesia
 o - a scroll of brand weapon
 q - a scroll of fog {unknown}


   Skills:
 + Level 7.7 Fighting
 - Level 2.0 Dodging
 - Level 2.0 Stealth
 + Level 9.8 Spellcasting
 + Level 6.6 Conjurations
 + Level 7.1 Fire Magic


You had 12 spell levels left.
You knew the following spells:

 Your Spells              Type           Power      Damage    Failure   Level
a - Foxfire               Conj/Fire      100%       2x1d9     1%          1
b - Conjure Flame         Conj/Fire      33%        6-21      1%          3
c - Inner Flame           Hex/Fire       21%        N/A       5%          3
d - Sticky Flame          Conj/Fire      33%        2d5       4%          4
e - Fireball              Conj/Fire      16%        3d8       13%         5

Your spell library contained the following spells:

 Spells                   Type           Power      Damage    Failure   Level
 Freeze                   Ice            32%        1d5       9%          1
 Slow                     Hex            8%         N/A       12%         2
 Confusing Touch          Hex            8%         N/A       24%         3
 Frozen Ramparts          Ice            16%        1d3       24%         3
 Vampiric Draining        Necr           4%         2d6       24%         3
 Summon Ice Beast         Ice/Summ       8%         N/A       63%         4
 Freezing Cloud           Conj/Ice/Air   8%         6-21      65%         5
 Simulacrum               Ice/Necr       4%         N/A       100%        6
 Polar Vortex             Ice            4%         N/A       100%        9
 Ice Form                 Ice/Tmut       Unusable   N/A       N/A         4

Dungeon Overview and Level Annotations

Branches:
Dungeon (9/15)             Temple (1/1) D:4
   Lair: D:8-11         Orc: D:9-12

Altars:
Cheibriados
Dithmenos
Elyvilon
Fedhas
Gozag
Hepliaklqana
Kikubaaqudgha
Makhleb
Nemelex Xobeh
Okawaru
Ru
Sif Muna
Trog
Uskayaw
Vehumet
Wu Jian
Xom
Yredelemnul
Zin
The Shining One

Shops:
D:1 ?   D:2 =   D:4 *   D:7 (


Innate Abilities, Weirdness & Mutations

You are immune to poison.
Your flesh is cold resistant. (rC+)
You are immune to negative energy. (rN+++)
You are immune to unholy pain and torment.
You are vulnerable to heat. (rF-)
You do not drink.


Message History

You conjure some foxfire!
Your foxfire dissipates!
The foxfire hits the orc wizard.
The orc wizard is almost dead.
The orc wizard points at you and mumbles some strange words.
You are confused.
You're too confused to cast spells.
Unknown command.
The orc wizard misses you.
Things that are here:
a +0 scimitar; a +0 chain mail; an orc corpse You're too confused to move!
The orc wizard hits you but does no damage.
You barely miss the orc wizard.
The orc wizard is almost dead.
The orc wizard gestures wildly while chanting.
The orc wizard flickers and vanishes!
Deactivating autopickup; reactivate with Ctrl-A.
You are engulfed in blazing flames.
Things that are here:
a +2 vorpal trident; a +0 chain mail; an orc corpse You bump into the rock wall.
You are engulfed in blazing flames.
* * * LOW HITPOINT WARNING * * *
You feel less confused. Something hits you.
* * * LOW HITPOINT WARNING * * *
You are a level 10 Mummy Fire Elementalist.
You are 51% of the way to level 11.
Play time: 00:39:11 (12502 turns).
Zot will find you in 25489 turns if you stay in this branch and explore no new floors.
Unknown command.
Casting: Foxfire (safe; 1% risk of failure)
Confirm with . or Enter, or press ? or * to list all spells.
Aiming: Fireball (dangerous; 13% risk of failure)
Press: ? - help, Shift-Dir - straight line The fireball explodes!
The fireball engulfs something!
Vehumet accepts your kill.
Reactivating autopickup.
You feel a bit more experienced. The fireball engulfs you!!
The fire burns you terribly!
You die...

#.#....## #..###
##########
..#.#...######.##
###.##.........#########
...........§..##.......#
........##..#..#.......#
........###.##.........#
........# #..##........#
........# ##..#))......#
........# ##...@.).....
........# #####.......
.######## ..#.>.. ##
#...... # ###... # ..
..# . ### #


There were no monsters in sight!

Vanquished Creatures
  Pikel (D:6)
  A cane toad (shapeshifter) (D:9)
  A queen bee (D:9)
  A troll (D:9)
  Sigmund (D:4)
  A wraith (D:9)
  A wyvern (D:9)
  2 yaks (D:8)
  Eustachio (D:5)
  A steam dragon (D:8)
  3 water moccasins
  5 orc warriors
  A black bear (D:6)
  2 centaurs (D:8)
  A necrophage (D:7)
  An ogre (D:5)
  4 lemures (D:6)
  A kobold brigand (D:9)
  A phantom (D:5)
  2 bullfrogs
  A water moccasin zombie (D:6)
  A scorpion (D:5)
  A wyvern skeleton (D:6)
  17 killer bees (D:9)
  A howler monkey (D:9)
  2 centaur zombies
  A hound (D:5)
  A jelly (D:7)
  9 orc priests
  A gnoll shaman (D:7)
  3 iguanas
  16 orc wizards
  A killer bee zombie (D:7)
  Robin (D:1)
  4 gnolls (D:7)
  A howler monkey skeleton (D:7)
  7 adders
  A shadow imp (D:7)
  3 white imps
  2 ufetubi
  3 worms
  2 dart slugs (D:5)
  46 orcs
  3 ball pythons
  12 endoplasms
  11 goblins
  9 hobgoblins
  21 jackals
  12 kobolds
  3 quokkas (D:1)
  3 bats
  5 frilled lizards
  2 rats (D:2)
  A spectral goblin (D:1)
239 creatures vanquished.

Vanquished Creatures (others)
  3 yaks (D:8)
  A black bear (D:8)
  832 foxfires
836 creatures vanquished.

Grand Total: 1075 creatures vanquished

Notes
Turn   | Place    | Note
-------+----------+-------------------------------------------
     0 | D:1      | graki42 the Mummy Fire Elementalist began the quest for the
                  | Orb.
     0 | D:1      | Reached XP level 1. HP: 13/13 MP: 4/4
   274 | D:1      | Reached skill level 1 in Conjurations
   289 | D:1      | Reached XP level 2. HP: 5/19 MP: 0/5
   584 | D:1      | Reached skill level 3 in Spellcasting
   661 | D:1      | Found Ranesm's Magic Scroll Boutique.
   752 | D:1      | Found a faded altar of an unknown god.
  1041 | D:1      | Reached XP level 3. HP: 24/24 MP: 3/7
  1149 | D:1      | Learned a level 3 spell: Conjure Flame
  1153 | D:1      | Learned a level 3 spell: Inner Flame
  1907 | D:2      | Found Qij Sehiocw's Jewellery Boutique.
  2223 | D:2      | Reached XP level 4. HP: 28/31 MP: 2/9
  2552 | D:2      | Noticed Robin
  2560 | D:1      | Reached skill level 1 in Fighting
  2719 | D:1      | Killed Robin
  2913 | D:3      | Reached XP level 5. HP: 34/37 MP: 1/10
  2914 | D:3      | Reached skill level 4 in Spellcasting
  3587 | D:3      | Learned a level 4 spell: Sticky Flame
  3862 | D:4      | Found Zin's Purification Station.
  4047 | D:4      | Reached XP level 6. HP: 44/44 MP: 0/12
  4227 | D:4      | Found a staircase to the Ecumenical Temple.
  4282 | Temple   | Entered the Ecumenical Temple
  4544 | D:4      | Noticed Sigmund
  4564 | D:4      | Killed Sigmund
  4565 | D:4      | Reached skill level 5 in Spellcasting
  5302 | D:5      | Entered Level 5 of the Dungeon
  5399 | D:5      | Reached XP level 7. HP: 49/52 MP: 9/14
  5569 | D:5      | Noticed Eustachio
  5618 | D:5      | Killed Eustachio
  6037 | D:5      | Found a sparkling altar of Nemelex Xobeh.
  6044 | D:5      | Learned a level 5 spell: Fireball
  6588 | D:6      | Reached skill level 6 in Spellcasting
  6694 | D:6      | Reached XP level 8. HP: 60/60 MP: 10/17
  7543 | D:6      | Noticed Pikel
  7556 | D:6      | Killed Pikel
  7557 | D:6      | Reached skill level 5 in Fighting
  7557 | D:6      | Reached skill level 7 in Spellcasting
  7557 | D:6      | Reached skill level 5 in Fire Magic
  8213 | D:6      | Found a radiant altar of Vehumet.
  8213 | D:6      | Found a bloodstained altar of Trog.
  8216 | D:6      | Became a worshipper of Vehumet
  8352 | D:7      | Reached XP level 9. HP: 68/68 MP: 17/20
  8838 | D:7      | Found Odaeloeb's Weapon Shop.
  9022 | D:7      | Reached skill level 5 in Conjurations
  9401 | D:7      | Reached skill level 8 in Spellcasting
 10100 | D:8      | Reached * piety under Vehumet
 10100 | D:8      | Offered knowledge of Magic Dart by Vehumet.
 11165 | D:9      | Reached skill level 9 in Spellcasting
 11206 | D:9      | Reached XP level 10. HP: 77/77 MP: 16/23
 11214 | D:9      | Offered knowledge of Freeze by Vehumet.
 11390 | D:9      | Reached ** piety under Vehumet
 12471 | D:9      | Noticed a cane toad
 12483 | D:9      | Killed a cane toad
 12502 | D:9      | Killed themself with a badly aimed fireball

Illustrated notes

Levels and vault maps discovered:
D:1:      evilmike_arrival_hilbert_curve, layout_basic,
          dreamdust_ecumenical_altar_drowned_temple, serial_shops,
          nicolae_diamond_shop, minmay_tetromino_o2
D:2:      layout_basic, serial_shops, shop, uniq_robin
D:3:      layout_basic
D:4:      layout_loops_cross, zin_purify, minmay_temple_entry_ruins,
          roderic_serpentine_path, minmay_distorted, uniq_sigmund
D:5:      layout_basic, nemelex_dance_club_becter, abandoned_shop,
          minmay_misc_feat_cross, uniq_eustachio
D:6:      layout_gridville, gammafunk_temple_overflow_elements, uniq_pikel
D:7:      layout_cave_pods, serial_shops, shop, minmay_misc_feat_tiny,
          kennysheep_generic_room_16
D:8:      layout_gridville, lemuel_old_faithful
D:9:      layout_rooms, lemuel_coloured_pillars_altar, serial_shops,
          nicolae_lakefront_shop, minivault_7
Temple:   kb_temple_of_zot

Skill      XL: |  1  2  3  4  5  6  7  8  9 10 |
---------------+-------------------------------+-----
Conjurations   | 1 2 3 4 5 6 |  6.6
Spellcasting   | 3 4 5 6 7 9 |  9.8
Stealth        | 2 |  2.0
Dodging        | 2 |  2.0
Fighting       | 1 2 3 4 5 6 7 |  7.7
Fire Magic     | 3 4 5 6 7 |  7.1

Action                   |  1- 3 |  4- 6 |  7- 9 | 10-12 || total
-------------------------+-------+-------+-------+-------++-------
Melee: Unarmed           |    60 |    21 |       |       ||    81
       Dagger            |       |    28 |    15 |       ||    43
       Whip              |       |       |    12 |    16 ||    28
 Cast: Foxfire           |    81 |   122 |   246 |    40 ||   489
       Conjure Flame     |       |     2 |     3 |     1 ||     6
       Sticky Flame      |       |     1 |    11 |    24 ||    36
       Inner Flame       |       |       |     5 |     2 ||     7
       Fireball          |       |       |     2 |     5 ||     7
  Use: Scroll            |       |       |     6 |     1 ||     7
Armor: Robe              |    12 |    15 |     5 |       ||    32
       Steam dragon scal |       |       |     2 |     7 ||     9
Dodge: Dodged            |    88 |    77 |    89 |    78 ||   332

Table legend: (Time is in decaauts)
 A = Elapsed time spent in this place.
 B = Non-inter-level travel time spent in this place.
 C = Inter-level travel time spent in this place.
 D = Time resting spent in this place.
 E = Time spent auto-exploring this place.
 F = Levels seen in this place.
 G = Mean time per level.
                   A        B        C        D        E       F      G
               +--------+--------+--------+--------+--------+-----+--------+
         Total |  12516 |  12240 |    276 |   2313 |   7999 |  10 | 1251.6 |
       Dungeon |  12405 |  12145 |    260 |   2313 |   7919 |   9 | 1378.3 |
        Temple |    111 |     95 |     16 |      0 |     80 |   1 |  111.0 |
               +--------+--------+--------+--------+--------+-----+--------+

Top non-repeatable levels by time:
     D:6: 2022 daAuts
     D:1: 1601 daAuts
     D:9: 1510 daAuts
     D:2: 1354 daAuts
     D:4: 1330 daAuts
     D:8: 1268 daAuts
     D:5: 1232 daAuts
     D:7: 1170 daAuts
     D:3: 914 daAuts
  Temple: 111 daAuts
